TOP OF THE 1ST |
D.C. Divided batting - Pitching for Detroit Elite : LHP Miguel González
|
Pitching: LHP Miguel González
|
|
Batting: RHB Miguel Angel Criado
|
0-0: Swinging Strike 0-1: Ball 1-1: Ball 2-1: Ball 3-1: Base on Balls
|
Batting: RHB Amor Campos
|
0-0: Swinging Strike 0-1: Ball 1-1: Ball 2-1: Foul Ball, location: 2F 2-2: Strikes out swinging
|
Batting: RHB Richard Trevithick
|
0-0: Ball 1-0: Foul Ball, location: 2F 1-1: Called Strike 1-2: Grounds into double play, 5-4-3 (Groundball, 5, EV 85.0 MPH)
|
Top of the 1st over - 0 runs, 0 hits, 0 errors, 0 left on base; D.C. 0 - Detroit 0 |
BOTTOM OF THE 1ST |
Detroit Elite batting - Pitching for D.C. Divided : RHP Dan Seymour
|
Pitching: RHP Dan Seymour
|
|
Batting: LHB Victor Fleming
|
0-0: Ground out 6-3 (Groundball, 6M, EV 78.8 MPH)
|
Batting: LHB Octávio Cruz
|
0-0: Called Strike 0-1: Ground out U3 (Groundball, 3, EV 87.5 MPH)
|
Batting: RHB Chris P. Bacon
|
0-0: Ball 1-0: Ball 2-0: Ball 3-0: Called Strike 3-1: Ground out 5-3 (Groundball, 56, EV 103.1 MPH)
|
Bottom of the 1st over - 0 runs, 0 hits, 0 errors, 0 left on base; D.C. 0 - Detroit 0 |
TOP OF THE 2ND |
D.C. Divided batting - Pitching for Detroit Elite : LHP Miguel González
|
Batting: RHB Marvello Millon
|
0-0: Ground out 1-3 (Groundball, 13, EV 65.0 MPH)
|
Batting: RHB Jesús Vargas
|
0-0: Called Strike 0-1: Called Strike 0-2: Foul Ball, location: 2F 0-2: Strikes out looking
|
Batting: SHB Jae-woo Ohm
|
0-0: Ball 1-0: Ball 2-0: Foul Ball, location: 2F 2-1: Ball 3-1: Foul Ball, location: 2F 3-2: Fly out, F8 (Line Drive, 8LM, EV 101.2 MPH)
|
Top of the 2nd over - 0 runs, 0 hits, 0 errors, 0 left on base; D.C. 0 - Detroit 0 |
BOTTOM OF THE 2ND |
Detroit Elite batting - Pitching for D.C. Divided : RHP Dan Seymour
|
Batting: RHB Maikel de Braber
|
0-0: Called Strike 0-1: Ball 1-1: Called Strike 1-2: Foul Ball, location: 2F 1-2: Ball 2-2: Ball 3-2: Fly out, F9 (Flyball, 9S, EV 85.6 MPH)
|
Batting: RHB Rob Robinson
|
0-0: Fly out, F4 (Line Drive, 4, EV 73.8 MPH)
|
Batting: RHB Larry Cook
|
0-0: SINGLE (Line Drive, 56, EV 96.9 MPH)
|
Batting: LHB Arthur Witter
|
0-0: Called Strike 0-1: Called Strike 0-2: 2-RUN HOME RUN (Flyball, 9D, EV 94.4 MPH), Distance : 362 ft
|
Batting: SHB Bai-luo Kao
|
0-0: Ball 1-0: Ball 2-0: Called Strike 2-1: Fly out, F7 (Flyball, 78M, EV 79.4 MPH)
|
Bottom of the 2nd over - 2 runs, 2 hits, 0 errors, 0 left on base; D.C. 0 - Detroit 2 |
TOP OF THE 3RD |
D.C. Divided batting - Pitching for Detroit Elite : LHP Miguel González
|
Batting: RHB Banu Judham
|
0-0: Called Strike 0-1: Swinging Strike 0-2: Fly out, F6 (Line Drive, 6M, EV 68.1 MPH)
|
Batting: RHB Benigno Bachelay
|
0-0: Ball 1-0: Ball 2-0: Ball 3-0: Base on Balls
|
Batting: RHB Cédric Dumas
|
0-0: Ball 1-0: Ball 2-0: Called Strike 2-1: SINGLE (Flyball, 3D, EV 95.0 MPH) Benigno Bachelay to second
|
Batting: RHB Miguel Angel Criado
|
0-0: Ball 1-0: Fly out, F9 (Flyball, 9S, EV 90.6 MPH)
|
Batting: RHB Amor Campos
|
0-0: Called Strike 0-1: Swinging Strike 0-2: Fielders Choice at 2nd, 6-4 (Groundball, 56, EV 88.8 MPH)
|
Top of the 3rd over - 0 runs, 1 hit, 0 errors, 2 left on base; D.C. 0 - Detroit 2 |
BOTTOM OF THE 3RD |
Detroit Elite batting - Pitching for D.C. Divided : RHP Dan Seymour
|
Batting: RHB Otiz Ranchéz
|
0-0: Ball 1-0: Fly out, F9 (Flyball, 9LD, EV 89.4 MPH)
|
Batting: LHB Victor Fleming
|
0-0: Called Strike 0-1: Foul Ball, location: 2F 0-2: Ball 1-2: Foul Ball, location: 2F 1-2: Ground out 4-3 (Groundball, 4, EV 88.1 MPH)
|
Batting: LHB Octávio Cruz
|
0-0: Called Strike 0-1: Swinging Strike 0-2: Ground out 5-3 (Groundball, 5, EV 86.9 MPH)
|
Bottom of the 3rd over - 0 runs, 0 hits, 0 errors, 0 left on base; D.C. 0 - Detroit 2 |
TOP OF THE 4TH |
D.C. Divided batting - Pitching for Detroit Elite : LHP Miguel González
|
Batting: RHB Richard Trevithick
|
0-0: Foul Ball, location: 2F 0-1: SINGLE (Groundball, 4MD, EV 97.5 MPH)
|
Batting: RHB Marvello Millon
|
0-0: Called Strike 0-1: Ball 1-1: Ball 2-1: Foul Ball, location: 2F 2-2: Strikes out swinging
|
Batting: RHB Jesús Vargas
|
0-0: Foul Ball, location: 2F 0-1: Swinging Strike 0-2: Foul Ball, location: 2F 0-2: Strikes out swinging
|
Batting: SHB Jae-woo Ohm
|
0-0: Called Strike 0-1: Fly out, F7 (Line Drive, 7, EV 91.9 MPH)
|
Top of the 4th over - 0 runs, 1 hit, 0 errors, 1 left on base; D.C. 0 - Detroit 2 |
BOTTOM OF THE 4TH |
Detroit Elite batting - Pitching for D.C. Divided : RHP Dan Seymour
|
Batting: RHB Chris P. Bacon
|
0-0: Called Strike 0-1: Swinging Strike 0-2: Foul Ball, location: 2F 0-2: Fly out, F9 (Flyball, 9S, EV 91.2 MPH)
|
Batting: RHB Maikel de Braber
|
0-0: Ball 1-0: Swinging Strike 1-1: Swinging Strike 1-2: Strikes out swinging
|
Batting: RHB Rob Robinson
|
0-0: Ball 1-0: Foul Ball, location: 2F 1-1: Foul Ball, location: 2F 1-2: Ground out U3 (Groundball, 3, EV 101.9 MPH)
|
Bottom of the 4th over - 0 runs, 0 hits, 0 errors, 0 left on base; D.C. 0 - Detroit 2 |
TOP OF THE 5TH |
D.C. Divided batting - Pitching for Detroit Elite : LHP Miguel González
|
Batting: RHB Banu Judham
|
0-0: Ball 1-0: Called Strike 1-1: Called Strike 1-2: Ball 2-2: Strikes out looking
|
Batting: RHB Benigno Bachelay
|
0-0: Foul Ball, location: 2F 0-1: DOUBLE (Line Drive, 9LS, EV 103.8 MPH)
|
Batting: RHB Cédric Dumas
|
0-0: Ball 1-0: Ball 2-0: Foul Ball, location: 2F 2-1: Ground out 6-3 (Groundball, 6, EV 95.0 MPH)
|
Batting: RHB Miguel Angel Criado
|
0-0: Ball 1-0: Ball 2-0: Ball 3-0: Called Strike 3-1: Base on Balls
|
Batting: RHB Amor Campos
|
0-0: Swinging Strike 0-1: Ball 1-1: Foul Ball, location: 2F 1-2: Strikes out swinging
|
Top of the 5th over - 0 runs, 1 hit, 0 errors, 2 left on base; D.C. 0 - Detroit 2 |
BOTTOM OF THE 5TH |
Detroit Elite batting - Pitching for D.C. Divided : RHP Dan Seymour
|
Batting: RHB Larry Cook
|
0-0: Ball 1-0: SINGLE (Line Drive, 8LS, EV 86.9 MPH)
|
Batting: LHB Arthur Witter
|
0-0: DOUBLE (Flyball, 8LXD, EV 88.8 MPH) Larry Cook to third
|
Batting: SHB Bai-luo Kao
|
0-0: Ground out U3 (Groundball, 13, EV 90.6 MPH) Larry Cook scores Arthur Witter to third
|
Batting: RHB Otiz Ranchéz
|
0-0: Ball 1-0: Swinging Strike 1-1: Ball 2-1: Called Strike 2-2: Fly out, F9 (Flyball, 89S, EV 87.5 MPH)
|
Batting: LHB Victor Fleming
|
0-0: Foul Ball, location: 2F 0-1: Ball 1-1: Called Strike 1-2: Foul Ball, location: 2F 1-2: Ball 2-2: Ball 3-2: Fly out, F7 (Line Drive, 7, EV 91.9 MPH)
|
Bottom of the 5th over - 1 run, 2 hits, 0 errors, 1 left on base; D.C. 0 - Detroit 3 |
TOP OF THE 6TH |
D.C. Divided batting - Pitching for Detroit Elite : LHP Miguel González
|
Batting: RHB Richard Trevithick
|
0-0: Ground out 6-3 (Groundball, 6, EV 109.4 MPH)
|
Batting: RHB Marvello Millon
|
0-0: Ball 1-0: Ball 2-0: Called Strike 2-1: Ball 3-1: Base on Balls
|
Batting: RHB Jesús Vargas
|
0-0: Foul Ball, location: 2F 0-1: Swinging Strike 0-2: Foul Ball, location: 2F 0-2: Fielders Choice at 2nd, 3-6 (Groundball, 13, EV 83.8 MPH)
|
Batting: SHB Jae-woo Ohm
|
0-0: Foul Ball, location: 2F 0-1: Called Strike 0-2: Ground out 5-3 (Groundball, 56S, EV 86.9 MPH)
|
Top of the 6th over - 0 runs, 0 hits, 0 errors, 1 left on base; D.C. 0 - Detroit 3 |
BOTTOM OF THE 6TH |
Detroit Elite batting - Pitching for D.C. Divided : RHP Dan Seymour
|
Batting: LHB Octávio Cruz
|
0-0: Called Strike 0-1: Ball 1-1: Ball 2-1: Ball 3-1: Base on Balls
|
Batting: RHB Chris P. Bacon
|
0-0: Fielders Choice at 2nd, 6-4 (Groundball, 6MS, EV 90.0 MPH)
|
Batting: RHB Maikel de Braber
|
0-0: Called Strike 0-1: Grounds into double play, 6-4-3 (Groundball, 6, EV 80.0 MPH)
|
Bottom of the 6th over - 0 runs, 0 hits, 0 errors, 0 left on base; D.C. 0 - Detroit 3 |
TOP OF THE 7TH |
D.C. Divided batting - Pitching for Detroit Elite : LHP Miguel González
|
Batting: RHB Banu Judham
|
0-0: Swinging Strike 0-1: Ball 1-1: Ball 2-1: Foul Ball, location: 2F 2-2: Foul Ball, location: 2F 2-2: Ground out 2-3 (Groundball, 15S, EV 68.1 MPH)
|
Batting: RHB Benigno Bachelay
|
0-0: Ball 1-0: Ball 2-0: Ground out 6-3 (Groundball, 6M, EV 85.0 MPH)
|
Batting: RHB Cédric Dumas
|
0-0: Called Strike 0-1: Called Strike 0-2: Ball 1-2: Ball 2-2: Fly out, F7 (Flyball, 7, EV 90.6 MPH)
|
Top of the 7th over - 0 runs, 0 hits, 0 errors, 0 left on base; D.C. 0 - Detroit 3 |
BOTTOM OF THE 7TH |
Detroit Elite batting - Pitching for D.C. Divided : RHP Dan Seymour
|
Batting: RHB Rob Robinson
|
0-0: Foul Ball, location: 2F 0-1: Fly out, F7 (Flyball, 7, EV 92.5 MPH)
|
Batting: RHB Larry Cook
|
0-0: Called Strike 0-1: Ball 1-1: Ground out 6-3 (Groundball, 6, EV 95.6 MPH)
|
Batting: LHB Arthur Witter
|
0-0: Ball 1-0: Ball 2-0: Foul Ball, location: 2F 2-1: Foul Ball, location: 2F 2-2: Foul Ball, location: 2F 2-2: Foul Ball, location: 2F 2-2: Ball 3-2: Foul Ball, location: 2F 3-2: Fly out, F7 (Flyball, 7D, EV 98.1 MPH)
|
Bottom of the 7th over - 0 runs, 0 hits, 0 errors, 0 left on base; D.C. 0 - Detroit 3 |
TOP OF THE 8TH |
D.C. Divided batting - Pitching for Detroit Elite : LHP Miguel González
|
Pitching: LHP Dong-choon Yi
|
|
Batting: RHB Miguel Angel Criado
|
0-0: Swinging Strike 0-1: Swinging Strike 0-2: Ground out 5-3 (Groundball, 56, EV 85.0 MPH)
|
Batting: RHB Amor Campos
|
0-0: Fly out, F8 (Flyball, 8LD, EV 91.2 MPH)
|
Batting: RHB Richard Trevithick
|
0-0: Ball 1-0: Foul Ball, location: 2F 1-1: Ball 2-1: Foul Ball, location: 2F 2-2: Ground out 6-3 (Groundball, 6MS, EV 66.9 MPH)
|
Top of the 8th over - 0 runs, 0 hits, 0 errors, 0 left on base; D.C. 0 - Detroit 3 |
BOTTOM OF THE 8TH |
Detroit Elite batting - Pitching for D.C. Divided : RHP Dan Seymour
|
Batting: SHB Bai-luo Kao
|
0-0: Called Strike 0-1: Ball 1-1: Ball 2-1: Foul Ball, location: 2F 2-2: SINGLE (Line Drive, 78S, EV 92.5 MPH)
|
Pitching: RHP Juichi Kanno
|
|
Batting: RHB Otiz Ranchéz
|
0-0: Swinging Strike 0-1: Swinging Strike 0-2: Ball 1-2: Foul Ball, location: 2F 1-2: Strikes out looking
|
Batting: LHB Victor Fleming
|
0-0: Ball 1-0: Ball 2-0: Called Strike 2-1: Foul Ball, location: 2F 2-2: Strikes out swinging
|
Batting: LHB Octávio Cruz
|
0-0: Ball 1-0: Called Strike 1-1: Ball 2-1: Swinging Strike 2-2: Ground out 5-3 (Groundball, 5D, EV 96.2 MPH)
|
Bottom of the 8th over - 0 runs, 1 hit, 0 errors, 1 left on base; D.C. 0 - Detroit 3 |
TOP OF THE 9TH |
D.C. Divided batting - Pitching for Detroit Elite : LHP Dong-choon Yi
|
Pitching: LHP Jim Hicks
|
|
Batting: RHB Marvello Millon
|
0-0: Swinging Strike 0-1: Foul Ball, location: 2F 0-2: Ball 1-2: Ball 2-2: Ball 3-2: Fly out, F3 (Popup, 34, EV 72.5 MPH)
|
Batting: RHB Jesús Vargas
|
0-0: Ball 1-0: Foul Ball, location: 2F 1-1: Ball 2-1: Ground out 6-3 (Groundball, 6, EV 102.5 MPH)
|
Batting: SHB Jae-woo Ohm
|
0-0: Fly out, F8 (Flyball, 8RD, EV 96.9 MPH)
|
Top of the 9th over - 0 runs, 0 hits, 0 errors, 0 left on base; D.C. 0 - Detroit 3 |
|